 Dungeon Crawl Stone Soup version 0.19-a0-1168-g98094fc (webtiles) character file.

10105 poirepourri the Basher (level 11, -14/62 HPs)
             Began as a Vine Stalker Fighter on Aug 14, 2016.
             Demolished by a hill giant
             ... wielding a +0 giant club
              (26 damage)
             ... on level 11 of the Dungeon on Aug 15, 2016.
             The game lasted 00:18:21 (10365 turns).

poirepourri the Basher (Vine Stalker Fighter)      Turns: 10365, Time: 00:18:21

Health: -14/62     AC: 18    Str: 21    XL:     11   Next: 56%
Magic:  0/12       EV: 13    Int:  8    God:
Gold:   522        SH:  9    Dex: 15    Spells: 0 memorised, 10 levels left

rFire  + . .     SeeInvis .     K - +0 mace (protect)
rCold  . . .     Gourm    .     b - +1 scale mail
rNeg   + . .     Faith    .     c - +0 shield
rPois  .         Spirit   +     (no helmet)
rElec  .         Dismiss  .     A - +2 cloak
rCorr  .         Reflect  .     g - +0 pair of gloves
MR     +....     Harm     .     e - +1 pair of boots
Stlth  ..........               (no amulet)
                                s - ring of positive energy
                                u - ring of protection from fire

@: about to teleport
A: fangs 3, regeneration 2, magic shield, antimagic bite, no device heal 3, rot
immunity
a: no special abilities


You were on level 11 of the Dungeon.
You were not hungry.

You visited 1 branch of the dungeon, and saw 11 of its levels.

You collected 579 gold pieces.
You spent 57 gold pieces at shops.

Inventory:

Hand Weapons
 a - a +1 flail
 J - a cursed -1 hand crossbow
 K - a +0 mace of protection (weapon)
Missiles
 j - 138 bolts
Armour
 b - a +1 scale mail (worn)
 c - a +0 shield (worn)
 e - a +1 pair of boots (worn)
 g - a +0 pair of gloves (worn)
 A - a +2 cloak (worn)
Jewellery
 s - a ring of positive energy (right hand)
 u - a ring of protection from fire (left hand)
 w - a +2 ring of intelligence
 x - an uncursed ring of resist corrosion
 B - a cursed ring of teleportation
 E - an uncursed ring of magical power
Wands
 l - a wand of iceblast (2/15)
 y - a wand of polymorph (14/24)
Scrolls
 f - a scroll of enchant weapon
 h - 3 scrolls of remove curse
 n - 2 scrolls of recharging
 p - 4 scrolls of magic mapping
Potions
 d - a potion of mutation
 i - 3 potions of lignification
 k - a potion of haste {unknown}
 m - a potion of heal wounds
 q - 2 potions of degeneration
 t - a potion of cure mutation {unknown}
 F - 2 potions of resistance
Books
 D - a book of the Sky

   Spells                             Type                      Level
   a - Summon Lightning Spire         Summoning/Air                4
   b - Airstrike                      Air                          4
   c - Silence                        Hexes/Air                    5
   d - Deflect Missiles               Charms/Air                   6
   e - Conjure Ball Lightning         Conjuration/Air              6
   f - Tornado                        Air                          9
 G - a book of Battle

   Spells                             Type                      Level
   a - Infusion                       Charms                       1
   b - Shroud of Golubria             Charms/Translocation         2
   c - Song of Slaying                Charms                       2
   d - Spectral Weapon                Hexes/Charms                 3
   e - Regeneration                   Charms/Necromancy            3
Comestibles
 o - a slice of pizza
 r - 10 bread rations
 C - 4 meat rations


   Skills:
 + Level 9.4 Fighting
 + Level 9.6 Maces & Flails
 - Level 2.4 Armour
 + Level 9.1 Dodging
 - Level 2.6 Shields
 + Level 1.0 Evocations


You had 10 spell levels left.
You didn't know any spells.

Dungeon Overview and Level Annotations

Branches:
Dungeon (11/15)            Temple (0/1) D:6            Lair (0/6) D:10
    Orc (0/2) D:11

Altars:
Cheibriados
Dithmenos
Elyvilon
Nemelex Xobeh
Xom

Shops:
D:4 [   D:9 (


Innate Abilities, Weirdness & Mutations

You have razor-sharp teeth.
You heal very quickly.
When hurt, damage is shared between your health and your magic reserves.
Your bite disrupts and absorbs the magic of your enemies.
Potions and wands cannot restore your health.
You are immune to rotting.


Message History

You block the hill giant's attack.
You hit the hill giant. You bite the hill giant. You drain its power.
The hill giant is lightly wounded.
The hill giant hits you with a giant club!!
You hit the hill giant but do no damage.
You bite the hill giant. You drain its power.
You feel invigorated.
The hill giant is lightly wounded.
You hit the hill giant but do no damage.
You bite the hill giant, but do no damage.
The hill giant is lightly wounded.
The hill giant hits you with a giant club!
Your shield prevents you from hitting the hill giant.
You bite the hill giant. You drain its power.
You feel invigorated.
The hill giant is moderately wounded.
The hill giant hits you with a giant club!!
* * * LOW HITPOINT WARNING * * *
As you read the scroll of teleportation, it crumbles to dust.
You feel strangely unstable.
The hill giant hits you with a giant club!!
You die...

### #<# ########## #.#
#......... #.#
#.#######. ##.# #####.
#†)## #.# #..... ##...#
#.# #.###. ##....# #.#
#.# #. #...@.# #.# #.#
## #....C.## #.# #.#
#..........####.# #.#
.........#......# #.##
.........#......###..###
............_..........#
P.Z.....................
≈..............###.....#
..###.#.# #......


You could see a hill giant and a giant frog skeleton (wandering).

Vanquished Creatures
  An unseen horror (D:11)
  A hill giant (D:11)
  A manticore (D:9)
  Maurice (D:10)
  2 trolls (D:9)
  3 two-headed ogres
  A spriggan (D:9)
  2 wraiths
  2 wyverns
  Grum (D:10)
  4 hippogriffs
  2 wargs (D:10)
  Menkaure (D:5)
  2 ice beasts
  4 sky beasts
  A wasp (D:9)
  2 necrophages (D:9)
  10 orc warriors
  3 centaurs
  6 ogres
  2 phantoms
  5 wolves
  A big kobold (D:7)
  3 giant frogs
  The ghost of PeterLawrence the Skirmisher, a weakling MiFi (D:3)
  2 scorpions (D:5)
  6 killer bees (D:9)
  4 wights (D:6)
  4 howler monkeys
  3 crimson imps
  A quasit (D:6)
  2 hounds
  2 jellies
  A centaur zombie (D:9)
  10 orc priests
  11 orc wizards
  2 centaur skeletons
  A giant frog skeleton (D:7)
  An iguana (D:6)
  Terence (D:2)
  10 worker ants
  A hound zombie (D:5)
  3 hound skeletons
  2 worker ant zombies
  A gnoll (D:6)
  10 adders
  A howler monkey skeleton (D:5)
  3 shadow imps
  An ooze (D:6)
  2 dart slugs (D:1)
  6 giant geckos
  46 orcs
  9 bats
  6 giant cockroaches
  5 goblins
  7 hobgoblins
  11 jackals
  6 quokkas
  5 giant newts
  10 kobolds
  A quokka zombie (D:9)
  7 rats
266 creatures vanquished.

Vanquished Creatures (others)
  An orc wizard (D:4)
  A quokka (D:3)
2 creatures vanquished.

Grand Total: 268 creatures vanquished

Notes
Turn   | Place    | Note
-------+----------+-------------------------------------------
     0 | D:1      | poirepourri the Vine Stalker Fighter began the quest for the Orb.
     0 | D:1      | Reached XP level 1. HP: 11/11 MP: 2/2
   123 | D:1      | Reached XP level 2. HP: 15/16 MP: 1/3
   461 | D:1      | Reached XP level 3. HP: 19/20 MP: 4/4
   588 | D:1      | Reached skill level 1 in Dodging
   942 | D:2      | Noticed Terence
   961 | D:2      | Killed Terence
   961 | D:2      | Reached XP level 4. HP: 23/25 MP: 2/5
  1346 | D:3      | Noticed PeterLawrence's ghost (weakling MiFi)
  1358 | D:3      | Killed PeterLawrence's ghost
  1358 | D:3      | Reached XP level 5. HP: 25/29 MP: 6/6
  1426 | D:3      | Found a white marble altar of Elyvilon.
  1487 | D:3      | Found a sparkling altar of Nemelex Xobeh.
  2125 | D:4      | Gained mutation: You heal very quickly. [Vine Stalker growth]
  2125 | D:4      | Reached XP level 6. HP: 30/33 MP: 4/7
  2229 | D:4      | Found Quilun's Armour Shop.
  2406 | D:5      | Entered Level 5 of the Dungeon
  2657 | D:5      | Noticed a sky beast
  2672 | D:5      | Reached XP level 7. HP: 14/37 MP: 6/8
  2770 | D:5      | Found a snail-covered altar of Cheibriados.
  3046 | D:5      | Noticed Menkaure
  3063 | D:5      | Killed Menkaure
  3412 | D:5      | Reached skill level 5 in Dodging
  3412 | D:5      | Gained mutation: You have razor-sharp teeth. [Vine Stalker growth]
  3412 | D:5      | Reached XP level 8. HP: 39/42 MP: 9/9
  3484 | D:5      | Found a shadowy altar of Dithmenos.
  3543 | D:6      | Upgraded the game from 0.19-a0-1166-g02d67b9 to 0.19-a0-1168-g98094fc
  3606 | D:6      | Found a staircase to the Ecumenical Temple.
  3649 | D:6      | Reached skill level 5 in Fighting
  3874 | D:6      | Found a shimmering altar of Xom.
  4338 | D:6      | Reached skill level 5 in Maces & Flails
  4531 | D:7      | Reached XP level 9. HP: 37/48 MP: 10/10
  5642 | D:8      | Found a shimmering altar of Xom.
  5663 | D:8      | Noticed a two-headed ogre
  5670 | D:8      | Killed a two-headed ogre
  6332 | D:9      | You fall through a shaft!
  6332 | D:10     | Entered Level 10 of the Dungeon
  6332 | D:10     | Found a staircase to the Lair.
  6438 | D:10     | Noticed a two-headed ogre
  6469 | D:10     | Killed a two-headed ogre
  6469 | D:10     | Reached XP level 10. HP: 55/55 MP: 11/11
  6501 | D:10     | Noticed Grum
  6622 | D:9      | Found Etrieh's Weapon Boutique.
  7532 | D:9      | Noticed a manticore
  7554 | D:9      | Killed a manticore
  8027 | D:9      | Bought a cursed -1 hand crossbow for 1 gold piece
  8027 | D:9      | Bought a +0 mace of protection for 56 gold pieces
  8295 | D:10     | Reached XP level 11. HP: 32/60 MP: 7/12
  8714 | D:10     | Noticed Maurice
  8766 | D:10     | Killed Maurice
  9361 | D:11     | Killed an unseen horror
  9472 | D:11     | Found a shimmering altar of Xom.
  9931 | D:11     | Found a staircase to the Orcish Mines.
 10040 | D:11     | Noticed a hill giant
 10289 | D:10     | Killed Grum
 10343 | D:11     | Noticed a hill giant
 10351 | D:11     | Killed a hill giant
 10351 | D:11     | Reached skill level 1 in Evocations
 10357 | D:11     | Noticed a hill giant
 10365 | D:11     | Demolished by a hill giant

Vault maps used:
D:1:      lemuel_arrival_cross, minmay_split_cup_small
D:2:      minmay_pentomino_v4, uniq_terence
D:3:      elyvilon_altar_4, nicolae_overflow_crystal_walls, serial_glass,
          glass_columns_a, glass_columns_a, glass_columns_c, item_on_display_a,
          minmay_strange_pillars
D:4:      first_bread, serial_shops, shop_fountains
D:5:      nicolae_overflow_hidden_temple, grunt_dithmenos_shadows, uniq_menkaure
D:6:      tgw_xom
D:8:      basic_altar
D:9:      serial_shops, shop, the_bakery, nooodl_food_tri
D:10:     erik_lair_orcish_takeover, uniq_grum, uniq_maurice
D:11:     giant_chief_lemuel, david_orc_4, basic_altar

Skill      XL: |  1  2  3  4  5  6  7  8  9 10 11 |
---------------+----------------------------------+-----
Fighting       | 3 4 6 7 8 9 |  9.4
Maces & Flails | 2 3 4 5 7 8 9 |  9.6
Dodging        | 1 2 3 5 6 7 8 9 |  9.1
Evocations     | 1 |  1.0
Armour         | |  2.4
Shields        | |  2.6

Action                   |  1- 3 |  4- 6 |  7- 9 | 10-12 || total
-------------------------+-------+-------+-------+-------++-------
Melee: Flail             |   116 |   114 |   410 |   202 ||   842
       Bite              |    22 |    29 |   151 |   218 ||   420
       Mace              |       |       |       |   362 ||   362
Evoke: Wand              |       |       |     1 |    15 ||    16
  Use: Scroll            |       |    13 |     5 |    14 ||    32
       Potion            |       |     1 |     2 |     1 ||     4
  Eat: Bread ration      |       |     1 |     2 |     1 ||     4
       Meat ration       |       |     1 |       |     1 ||     2
       Pizza             |       |       |     1 |     1 ||     2
       Royal jelly       |       |       |     1 |       ||     1
       Fruit             |       |       |       |     3 ||     3
Armor: Scale mail        |   118 |    63 |   164 |   275 ||   620
Dodge: Dodged            |    64 |    62 |   174 |   285 ||   585
Block: Shield            |    98 |    65 |   197 |   296 ||   656
